AoeStats
← toocool4321

Arabia

509359893Analyzed
1v1 RM · 5d ago on Sep 26, 2026· 56m 55s· 2 players
Game mode
Random Map
Map size
Tiny (2 player)
Population
200
Speed
Normal
Resources
Standard
Victory
Conquest
Starting age
Dark Age
Ending age
Imperial Age
RankedLock teamsTeams togetherTeam positionsShared explorationLock speedFull tech treeHidden civsTurbo modeCheats
Victory
Defeat
🇨🇦 Dravidians · Canada
949
+14
🇪🇸 Bohemians · Spain
908
-14
mtc_elessar
5:06 Loom
10:47 Feudal Age
12:24 Wheelbarrow
14:20 Man-at-Arms
22:02 Fletching
23:10 Double-Bit Axe
26:48 Castle Age
26:34 Scale Barding Armor
27:16 Crossbowman
27:53 Bodkin Arrow
28:05 Husbandry
28:10 Horse Collar
29:45 Forging
30:45 Chain Barding Armor
30:53 Padded Archer Armor
34:43 Iron Casting
37:46 Hand Cart
38:30 Leather Archer Armor
50:40 Wagenburg Tactics
54:48 Town Watch
toocool4321
7:33 Loom
10:15 Feudal Age
10:21 Man-at-Arms
17:16 Forging
17:44 Double-Bit Axe
21:47 Wheelbarrow
23:13 Castle Age
21:39 Horse Collar
23:51 Scale Mail Armor
24:34 Long Swordsman
27:16 Chain Mail Armor
26:49 Gambesons
28:29 Squires
28:34 Gold Mining
31:49 Town Watch
36:50 Padded Archer Armor
36:41 Fletching
36:15 Elite Skirmisher
47:33 Imperial Age
45:38 Bodkin Arrow
46:19 Iron Casting
50:21 Hand Cart
50:09 Two-Handed Swordsman
51:08 Pikeman
51:54 Champion
52:58 Halberdier
55:18 Conscription
Connection lost

Rejoining the realm…

Still unreachable

The connection could not be restored.

Session expired

The server has moved on; the page needs a fresh start.